 Dungeon Crawl Stone Soup version 0.28-a0-1447-ga5a8893891 (webtiles) character file.

Game seed: 8160309581690812439

65165 willcat the Thaumaturge (level 15, 0/115 HPs)
             Began as a Gnoll Fire Elementalist on Jan 11, 2022.
             Was an Initiate of Gozag.
             Killed from afar by an oklob plant (15 damage)
             ... with a splash of acid
             ... on level 5 of the Lair of Beasts.
             The game lasted 00:52:22 (28674 turns).

willcat the Thaumaturge (Gnoll Fire Elementalist)  Turns: 28674, Time: 00:52:22

Health: 0/115      AC:  2    Str: 10    XL:     15   Next: 15%
Magic:  17/30      EV: 16    Int: 29    God:    Gozag
Gold:   4196       SH: 12    Dex: 19    Spells: 17/36 levels left

rFire   + . .      SeeInvis +   a - +4 demon whip (drain)
rCold   . . .      Faith    .   h - +0 buckler
rNeg    + + .      Spirit   .   R - +3 ring mail of Girerim {Drain Int+8 Stlth+}
rPois   +          Reflect  +   V - +0 helmet
rElec   .          Harm     .   x - +1 cloak of Follow the Leader {rF+}
rCorr   +          Rampage  .   B - +1 pair of gloves
Will    +....      Clarity  +   j - +0 pair of boots
Stlth   ++++++....              F - amulet of reflection
HPRegen 0.29/turn               m - ring "Astres" {rN+ rCorr Dex+3 SInv Stlth+}
MPRegen 0.22/turn               t - ring of the Country {rPois rN+ rCorr Int+3}

@: corroded
A: fangs 1, strong nose, distributed training, agile 1, clarity
a: Renounce Religion, Potion Petition, Call Merchant, Bribe Branch


You were on level 5 of the Lair of Beasts.
You worshipped Gozag.
Gozag was most pleased with you.
You visited 4 branches of the dungeon, and saw 19 of its levels.
You also visited: Gauntlet and Volcano.

You collected 5805 gold pieces.
You spent 392 gold pieces at shops.
You paid 1217 gold pieces to Gozag.

Inventory:

Hand Weapons
 a - a +4 demon whip of draining (weapon)
 q - a +0 demon whip of flaming
 P - the +6 dagger of Callousness {venom, rPois Will++}
   (You bought it in a shop on level 4 of the Lair of Beasts)

   It poisons the flesh of those it strikes.
   rPois:     It protects you from poison.
   Will:      It greatly increases your willpower.
Missiles
 w - a throwing net
Armour
 d - an orb of guile
 h - a +0 buckler (worn)
 j - a +0 pair of boots (worn)
 x - the +1 cloak of Follow the Leader (worn) {rF+}
   (You found it on level 9 of the Dungeon)

   rF:        It protects you from fire.
 B - a +1 pair of gloves (worn)
 R - the +3 ring mail of Girerim (worn) {Drain Int+8 Stlth+}
   (You found it on level 4 of the Lair of Beasts)

   Int:       It affects your intelligence (+8).
   Drain:     It drains your maximum health when unequipped.
   Stlth:     It makes you more stealthy.
 T - a +0 pair of gloves of infusion
 V - a +0 helmet (worn)
Magical Staves
 b - a staff of fire
Jewellery
 e - the ring of Grontol {rPois rF+ rC- rN+}
   (You found it in a Gauntlet)

   [ring of positive energy]

   rF:        It protects you from fire.
   rC:        It makes you vulnerable to cold.
   rPois:     It protects you from poison.
   rN:        It protects you from negative energy.
 g - a ring of wizardry
 l - a ring of willpower
 m - the ring "Astres" (left hand) {rN+ rCorr Dex+3 SInv Stlth+}
   (You took it off a minotaur in a Gauntlet)

   [ring of see invisible]

   Dex:       It affects your dexterity (+3).
   rN:        It protects you from negative energy.
   SInv:      It lets you see invisible.
   rCorr:     It protects you from acid and corrosion.
   Stlth:     It makes you more stealthy.
 t - the ring of the Country (right hand) {rPois rN+ rCorr Int+3}
   (You found it on level 8 of the Dungeon)

   [ring of resist corrosion]

   Int:       It affects your intelligence (+3).
   rPois:     It protects you from poison.
   rN:        It protects you from negative energy.
   rCorr:     It protects you from acid and corrosion.
 u - a ring of fire
 y - a ring of protection from cold
 E - a ring of wizardry
 F - an amulet of reflection (around neck)
Wands
 c - a wand of digging (12)
 f - a wand of iceblast (18)
 s - a wand of polymorph (8)
 z - a wand of charming (6)
 D - a wand of flame (18)
 O - a wand of paralysis (7)
Scrolls
 i - 3 scrolls of teleportation
 n - 2 scrolls of vulnerability
 p - 2 scrolls of amnesia
 r - 2 scrolls of silence
 v - a scroll of holy word
 K - a scroll of magic mapping
 L - a scroll of blinking
 M - a scroll of brand weapon
 N - a scroll of fear
Potions
 k - 3 potions of flight
 o - 3 potions of heal wounds
 A - 7 potions of curing
 G - 4 potions of brilliance
 H - 3 potions of might
 J - 2 potions of ambrosia
 Q - a potion of magic
 S - a potion of lignification
 U - 2 potions of invisibility
Miscellaneous
 C - a lightning rod (4/4)
 I - a phantom mirror (inert)


   Skills:
 + Level 9.9 Fighting
 + Level 9.9 Short Blades
 + Level 9.9 Long Blades
 + Level 9.9 Axes
 + Level 9.9 Maces & Flails
 + Level 9.9 Polearms
 + Level 9.9 Staves
 + Level 9.9 Slings
 + Level 9.9 Bows
 + Level 9.9 Crossbows
 + Level 9.9 Throwing
 + Level 9.9 Armour
 + Level 10.9 Dodging
 + Level 10.7 Stealth
 + Level 9.9 Shields
 + Level 9.9 Unarmed Combat
 + Level 11.1 Spellcasting
 + Level 8.6 Conjurations
 + Level 8.2 Hexes
 + Level 8.2 Summonings
 + Level 8.2 Necromancy
 + Level 8.2 Translocations
 + Level 8.2 Transmutations
 + Level 10.0 Fire Magic
 + Level 8.2 Ice Magic
 + Level 8.2 Air Magic
 + Level 8.2 Earth Magic
 + Level 8.2 Poison Magic
 + Level 10.7 Invocations
 + Level 9.9 Evocations


You had 17 spell levels left.
You knew the following spells:

 Your Spells              Type           Power      Damage    Failure   Level
a - Foxfire               Conj/Fire      100%       2x1d9     1%          1
b - Scorch                Fire           100%       2d10      1%          2
c - Flame Wave            Conj/Fire      63%        2d10      1%          4
d - Cause Fear            Hex            29%        N/A       3%          4
e - Conjure Flame         Conj/Fire      63%        6-21      1%          3
f - Blade Hands           Tmut           29%        N/A       9%          5

Your spell library contained the following spells:

 Spells                   Type           Power      Damage    Failure   Level
 Gell's Gravitas          Tloc           59%        N/A       1%          3
 Inner Flame              Hex/Fire       62%        N/A       1%          3
 Ozocubu's Armour         Ice            59%        N/A       1%          3
 Portal Projectile        Hex/Tloc       100%       N/A       1%          3
 Teleport Other           Tloc           59%        N/A       1%          3
 Animate Dead             Necr           29%        N/A       3%          4
 Iskenderun's Battlesphe  Conj           60%        2d11      7%          5
 Excruciating Wounds      Necr           29%        N/A       9%          5
 Metabolic Englaciation   Hex/Ice        29%        N/A       9%          5
 Iron Shot                Conj/Erth      30%        9d6       38%         6
 Dispersal                Tloc           29%        N/A       41%         6
 Simulacrum               Ice/Necr       29%        N/A       41%         6
 Spellforged Servitor     Conj/Summ      30%        N/A       93%         7
 Haunt                    Necr/Summ      29%        N/A       94%         7
 Ozocubu's Refrigeration  Ice            29%        4d10      94%         7
 Borgnjor's Revivificati  Necr           29%        N/A       100%        8
 Discord                  Hex            29%        N/A       100%        8
 Infestation              Necr           29%        N/A       100%        8
 Necromutation            Tmut/Necr      29%        N/A       100%        8
 Death's Door             Necr           29%        N/A       100%        9


Dungeon Overview and Level Annotations

Branches:
Dungeon (11/15)            Temple (1/1) D:7            Lair (5/6) D:10
  Swamp (0/4) Lair:3       Spider (0/4) Lair:2        Slime (0/5) Lair:5
    Orc (2/2) D:11            Elf (0/3) Orc:2       Volcano (visited)
Gauntlet (visited)

Altars:
Cheibriados
Elyvilon
Fedhas
Gozag
Hepliaklqana
Makhleb
Nemelex Xobeh
Okawaru
Qazlal
Ru
Sif Muna
Trog
Uskayaw
Vehumet
Wu Jian
Yredelemnul
Zin
The Shining One
Beogh

Shops:
D:1 *   D:3 :   D:4 *   D:11 *   Lair:4 (

Portals:
Abyss: Lair:3
Trove: D:10 (give +7 demon whip)
Ice
Cave: Orc:2

Annotations:
D:7 2 transporters, oldriver's ghost, novice DsCK
Lair:3 1 transporter, Grognak's ghost, journeyman TrBe
Lair:5 1 runed translucent door, exclusion: 4 oklob plants


Innate Abilities, Weirdness & Mutations

You have very sharp teeth.
Your uncanny sense of smell can sniff out nearby items.
Your experience applies equally to all skills.
You are agile. (Dex +2)
You possess an exceptional clarity of mind.


Message History

Casting: Scorch (safe; 1% risk of failure)
Confirm with . or Enter, or press ? or * to list all spells.
Flames lash the oklob plant.
The oklob plant is lightly damaged.
The oklob plant's fire resistance burns away.
The oklob plant spits acid at you. The splash of acid hits you! You resist.
The oklob plant spits acid at you. The splash of acid hits you! You resist.
The acid corrodes you!
Casting: Scorch (safe; 1% risk of failure)
Confirm with . or Enter, or press ? or * to list all spells.
Flames lash the oklob plant.
The oklob plant is burned terribly!
The oklob plant is moderately damaged.
The oklob plant spits acid at you. The splash of acid hits you! You resist.
The acid corrodes you! The oklob plant spits acid at you.
The splash of acid hits you. You resist. The acid corrodes you!
The oklob plant spits acid at you. The splash of acid hits you! You resist.
Casting: Scorch (safe; 1% risk of failure)
Confirm with . or Enter, or press ? or * to list all spells.
Flames lash the oklob plant but do no damage.
The oklob plant spits acid at you. The splash of acid misses you.
Unknown command.
The oklob plant is no longer more vulnerable to fire.
The oklob plant spits acid at you. The splash of acid hits you. You resist.
The oklob plant spits acid at you. The splash of acid hits you! You resist.
The acid corrodes you! The oklob plant spits acid at you.
The splash of acid hits you! You resist.
* * * LOW HITPOINT WARNING * * *
The oklob plant spits acid at you. The splash of acid hits you! You resist.
* * * LOW HITPOINT WARNING * * *
The oklob plant spits acid at you. The splash of acid hits you! You resist.
You die...
Your body crumbles into a pile of gold.

..#..## #........##
..P...#### ##P......#.#
.......#.###........###
...................#.##
..<.P...#.#........##.#
.....#######..##...####
..#.## *.#.#..### ###.#***
######.# # #..,,** #.@#*#
*#...,,* ###.#P####
*P....,**** #...#....##
*#....(,*,**##........#*
##.....,,,,*#.....P...*
*.PP#.#*,#....$......*
*###***#.............*
#####.## *#.......PP....**
#......###.....)..P>....,*


You could see 2 oklob plants.

Vanquished Creatures
  Nessos (Lair:5)
  A minotaur (Gauntlet)
  A fire dragon (Volcano)
  The ghost of SirDiesAlot the Thaumaturge, a journeyman DjCj of Gozag (D:10)
  Josephine (D:11)
  2 hydras (Lair:4)
  2 boulder beetles (Lair:4)
  7 two-headed ogres
  3 death yaks (Lair:4)
  An orc high priest (Orc:1)
  A skeletal warrior (D:11)
  Pikel (D:6)
  A necromancer (Gauntlet)
  A lindwurm (Lair:5)
  A deep elf pyromancer (D:11)
  A wolf spider (Lair:4)
  2 salamanders (Volcano)
  2 cyclopes (D:11)
  2 orc sorcerers
  A spectral centaur (D:11)
  16 elephants
  An ugly thing (D:11)
  A moth of wrath (Gauntlet)
  6 black mambas
  Maggie (D:7)
  An unseen horror (D:11)
  A torpor snail (Lair:4)
  13 cane toads
  Psyche (D:9)
  4 kobold demonologists
  10 komodo dragons
  3 rime drakes (Lair:4)
  An ice devil (Gauntlet)
  A guardian mummy (D:10)
  5 trolls
  2 polar bears
  Prince Ribbit (D:7)
  2 meliai zombies (D:11)
  A dream sheep (Lair:4)
  5 blink frogs
  4 flying skulls (D:11)
  33 yaks
  13 wyverns
  6 wraiths
  2 shadows (D:11)
  2 fire bats (Volcano)
  Eustachio (D:6)
  3 basilisks
  4 redbacks
  Menkaure (D:6)
  2 redback simulacra (D:11)
  5 steam dragons
  A warg (D:11)
  An acid dragon (D:8)
  A cane toad zombie (D:10)
  17 water moccasins
  4 ice beasts
  18 orc warriors
  2 black bears
  5 ogres
  A hornet zombie (D:6)
  2 necrophages (D:6)
  12 wolves
  2 lemures (D:6)
  A phantom (D:5)
  5 centaurs
  6 kobold brigands
  15 bullfrogs
  2 gnoll sergeants
  A wyvern zombie (D:6)
  16 wights
  10 killer bees
  5 electric eels
  2 howler monkeys
  9 centaur zombies
  2 bullfrog zombies (D:6)
  5 hounds
  A jelly (D:6)
  3 gnoll shamans
  5 orc priests
  8 centaur skeletons
  2 iguanas
  A hell rat (Lair:4)
  12 orc wizards
  A howler monkey zombie (D:8)
  7 adders
  25 gnolls
  5 white imps
  An ufetubus (D:6)
  An adder skeleton (D:4)
  A worm (D:4)
  4 dart slugs
  54 orcs
  6 ball pythons
  7 bats
  6 endoplasms
  4 hobgoblins (D:2)
  4 jackals (D:1)
  5 quokkas
  3 frilled lizards
  6 goblins
  27 kobolds
  5 rats
534 creatures vanquished.

Vanquished Creatures (collateral kills)
  An ettin (Orc:1)
  A foxfire (Volcano)
2 creatures vanquished.

Vanquished Creatures (others)
  A centaur zombie (D:11)
  464 foxfires
  15 fungi
  156 plants
  A withered plant (Gauntlet)
637 creatures vanquished.

Grand Total: 1173 creatures vanquished

Notes
Turn   | Place    | Note
-------+----------+-------------------------------------------
     0 | D:1      | willcat the Gnoll Fire Elementalist began the quest for the
                  | Orb.
     0 | D:1      | Reached XP level 1. HP: 13/13 MP: 6/6
   374 | D:1      | Reached XP level 2. HP: 18/19 MP: 1/7
   441 | D:1      | Found Itwug's Assorted Antiques.
  1083 | D:2      | Reached XP level 3. HP: 21/25 MP: 5/9
  1090 | D:2      | Reached skill level 5 in Spellcasting
  1248 | D:2      | Reached skill level 1 in Invocations
  1268 | D:2      | Reached skill level 1 in Fighting
  1268 | D:2      | Reached skill level 1 in Short Blades
  1268 | D:2      | Reached skill level 1 in Long Blades
  1268 | D:2      | Reached skill level 1 in Axes
  1268 | D:2      | Reached skill level 1 in Maces & Flails
  1268 | D:2      | Reached skill level 1 in Polearms
  1268 | D:2      | Reached skill level 1 in Staves
  1268 | D:2      | Reached skill level 1 in Slings
  1268 | D:2      | Reached skill level 1 in Bows
  1268 | D:2      | Reached skill level 1 in Crossbows
  1268 | D:2      | Reached skill level 1 in Throwing
  1268 | D:2      | Reached skill level 1 in Armour
  1268 | D:2      | Reached skill level 1 in Shields
  1268 | D:2      | Reached skill level 1 in Unarmed Combat
  1268 | D:2      | Reached skill level 1 in Evocations
  1278 | D:2      | Learned a level 2 spell: Scorch
  1350 | D:2      | Reached XP level 4. HP: 26/32 MP: 7/11
  1631 | D:2      | Reached skill level 1 in Hexes
  1631 | D:2      | Reached skill level 1 in Summonings
  1631 | D:2      | Reached skill level 1 in Necromancy
  1631 | D:2      | Reached skill level 1 in Translocations
  1631 | D:2      | Reached skill level 1 in Transmutations
  1631 | D:2      | Reached skill level 1 in Ice Magic
  1631 | D:2      | Reached skill level 1 in Air Magic
  1631 | D:2      | Reached skill level 1 in Earth Magic
  1631 | D:2      | Reached skill level 1 in Poison Magic
  2411 | D:3      | Reached XP level 5. HP: 35/37 MP: 12/12
  2595 | D:3      | Found Imiroego's Book Shoppe.
  2659 | D:3      | Found a faded altar of an unknown god.
  3055 | D:4      | Noticed a centaur
  3068 | D:4      | Killed a centaur
  3069 | D:4      | Reached XP level 6. HP: 30/44 MP: 0/13
  3252 | D:4      | Reached skill level 5 in Dodging
  3265 | D:4      | Found Noil's Lightly-Used Armoury.
  3355 | D:4      | Noticed an orc warrior
  3432 | D:3      | Killed an orc warrior
  3888 | D:4      | Found a hide-covered altar of Uskayaw.
  3971 | D:5      | Entered Level 5 of the Dungeon
  4080 | D:5      | Noticed a water moccasin
  4086 | D:5      | Killed a water moccasin
  4087 | D:5      | Reached XP level 7. HP: 43/51 MP: 10/15
  4395 | D:5      | Reached skill level 5 in Stealth
  4615 | D:5      | Reached XP level 8. HP: 57/57 MP: 10/16
  4691 | D:5      | Learned a level 4 spell: Flame Wave
  4826 | D:5      | Found a white marble altar of Elyvilon.
  5293 | D:6      | Reached skill level 6 in Spellcasting
  5923 | D:6      | Noticed Menkaure
  5928 | D:6      | Killed Menkaure
  5984 | D:6      | Found an iron altar of Okawaru.
  6067 | D:6      | Noticed Eustachio
  6077 | D:6      | Reached XP level 9. HP: 61/65 MP: 12/18
  6455 | D:6      | Killed Eustachio
  6676 | D:7      | Noticed Pikel
  6765 | D:6      | Killed Pikel
  6960 | D:7      | Noticed Prince Ribbit
  6965 | D:7      | Killed Prince Ribbit
  6966 | D:7      | Reached skill level 5 in Invocations
  7429 | D:7      | Found a transporter.
  7434 | D:7      | Found a transporter.
  7436 | D:7      | Noticed oldriver's ghost (novice DsCK)
  7441 | D:7      | Reached skill level 7 in Spellcasting
  7496 | D:7      | Noticed Maggie
  7501 | D:7      | Reached XP level 10. HP: 72/73 MP: 10/20
  7533 | D:7      | Killed Maggie
  7534 | D:7      | Reached skill level 5 in Fighting
  7534 | D:7      | Reached skill level 5 in Short Blades
  7534 | D:7      | Reached skill level 5 in Long Blades
  7534 | D:7      | Reached skill level 5 in Axes
  7534 | D:7      | Reached skill level 5 in Maces & Flails
  7534 | D:7      | Reached skill level 5 in Polearms
  7534 | D:7      | Reached skill level 5 in Staves
  7534 | D:7      | Reached skill level 5 in Slings
  7534 | D:7      | Reached skill level 5 in Bows
  7534 | D:7      | Reached skill level 5 in Crossbows
  7534 | D:7      | Reached skill level 5 in Throwing
  7534 | D:7      | Reached skill level 5 in Armour
  7534 | D:7      | Reached skill level 5 in Shields
  7534 | D:7      | Reached skill level 5 in Unarmed Combat
  7534 | D:7      | Reached skill level 5 in Evocations
  8394 | D:7      | Found a staircase to the Ecumenical Temple.
  8600 | Temple   | Entered the Ecumenical Temple
  8755 | Temple   | Became a worshipper of Gozag Ym Sagoz the Greedy
  8896 | D:4      | Bought a -1 demon whip for 110 gold pieces
  9128 | D:8      | Noticed a two-headed ogre
  9436 | D:8      | Learned a level 4 spell: Cause Fear
 10178 | D:8      | Killed a two-headed ogre
 10179 | D:8      | Reached skill level 5 in Conjurations
 10323 | D:8      | Noticed a cyclops
 10497 | D:8      | a cyclops changed into a blink frog
 10520 | D:8      | Identified the ring of the Country {rPois rN+ rCorr Int+3}
 10779 | D:9      | Noticed a kobold demonologist
 10782 | D:9      | Noticed a kobold demonologist
 10788 | D:9      | Killed a kobold demonologist
 10796 | D:9      | Noticed a soul eater
 10796 | D:9      | Killed a kobold demonologist
 11079 | D:9      | Noticed Psyche
 11087 | D:9      | Killed Psyche
 11088 | D:9      | Reached XP level 11. HP: 69/81 MP: 10/22
 11473 | D:9      | Identified the +1 cloak of Follow the Leader {rF+}
 11822 | D:9      | Noticed a two-headed ogre
 11834 | D:9      | Killed a two-headed ogre
 11835 | D:9      | Reached skill level 5 in Hexes
 11835 | D:9      | Reached skill level 5 in Summonings
 11835 | D:9      | Reached skill level 5 in Necromancy
 11835 | D:9      | Reached skill level 5 in Translocations
 11835 | D:9      | Reached skill level 5 in Transmutations
 11835 | D:9      | Reached skill level 5 in Ice Magic
 11835 | D:9      | Reached skill level 5 in Air Magic
 11835 | D:9      | Reached skill level 5 in Earth Magic
 11835 | D:9      | Reached skill level 5 in Poison Magic
 12419 | D:9      | Reached skill level 8 in Spellcasting
 12713 | D:10     | Entered Level 10 of the Dungeon
 13008 | D:10     | Found a staircase to the Lair.
 13163 | D:10     | Noticed a sun demon
 13848 | D:10     | Found a portal to a secret trove of treasure.
 14129 | D:11     | Noticed a cyclops
 14133 | D:11     | Killed a cyclops
 14223 | D:11     | Found a runed translucent gate.
 14223 | D:11     | Found a runed translucent gate.
 14223 | D:11     | Found a runed translucent gate.
 14234 | D:11     | Noticed a cyclops
 14299 | D:11     | Found a gate leading to a gauntlet.
 14302 | Gauntlet | Entered a Gauntlet
 14302 | Gauntlet | Found a transporter.
 14302 | Gauntlet | Found a transporter.
 14304 | Gauntlet | Found a transporter.
 14307 | Gauntlet | Found a transporter.
 14308 | Gauntlet | Found a transporter.
 14308 | Gauntlet | Found a transporter.
 14377 | Gauntlet | Noticed a large abomination
 14381 | Gauntlet | Found a transporter.
 14385 | Gauntlet | Found a transporter.
 14395 | Gauntlet | Found a transporter.
 14405 | Gauntlet | Noticed an obsidian statue
 14409 | Gauntlet | Noticed a moth of wrath
 14411 | Gauntlet | Found a runed translucent gate.
 14412 | Gauntlet | Found a transporter.
 14412 | Gauntlet | Found a runed translucent gate.
 14413 | Gauntlet | Found a runed translucent gate.
 14427 | Gauntlet | Found a transporter.
 14431 | Gauntlet | Found a transporter.
 14433 | Gauntlet | Noticed a necromancer
 14541 | Gauntlet | Killed a necromancer
 14702 | Gauntlet | Killed a moth of wrath
 15025 | Gauntlet | Identified the ring of Grontol {rPois rF+ rC- rN+}
 15150 | Gauntlet | Learned a level 3 spell: Conjure Flame
 15205 | Gauntlet | Identified the ring "Astres" {rN+ rCorr Dex+3 SInv Stlth+}
 15205 | Gauntlet | Noticed a minotaur
 15217 | Gauntlet | Killed a minotaur
 15218 | Gauntlet | Reached XP level 12. HP: 76/89 MP: 4/24
 15477 | D:11     | Noticed a two-headed ogre
 15489 | D:11     | Killed a two-headed ogre
 15661 | D:11     | Noticed a two-headed ogre
 15668 | D:11     | Killed a two-headed ogre
 15734 | D:11     | Found a staircase to the Orcish Mines.
 15956 | D:11     | Noticed SirDiesAlot's ghost (journeyman DjCj)
 16401 | D:11     | Reached skill level 9 in Spellcasting
 16915 | Orc:1    | Entered Level 1 of the Orcish Mines
 17254 | D:11     | Bought a potion of might for 64 gold pieces
 17254 | D:11     | Bought a potion of brilliance for 64 gold pieces
 17920 | D:11     | Noticed Josephine
 17947 | D:11     | Killed Josephine
 18026 | D:11     | Reached XP level 13. HP: 80/98 MP: 4/26
 18720 | D:10     | Learned a level 5 spell: Blade Hands
 18734 | D:10     | Killed SirDiesAlot's ghost
 18951 | D:11     | Gained mutation: You are clumsy. (Dex -2) [mutagenic glow]
 18970 | D:11     | Gained mutation: You are frail. (-10% HP) [mutagenic glow]
 19022 | D:11     | Gained mutation: You tend to lose your temper in combat.
                  | [mutagenic glow]
 19496 | Orc:1    | Paralysed by an orc sorcerer for 4 turns
 20190 | Orc:2    | Entered Level 2 of the Orcish Mines
 20190 | Orc:2    | Noticed an orc warlord
 20192 | Orc:2    | Found a staircase to the Elven Halls.
 20192 | Orc:2    | Found a frozen archway.
 20196 | Orc:2    | Noticed an ettin
 20329 | Orc:1    | Killed an ettin
 21040 | Lair:1   | Entered Level 1 of the Lair of Beasts
 22109 | Lair:2   | Reached skill level 10 in Spellcasting
 22390 | Lair:2   | Found a hole to the Spider Nest.
 23348 | Lair:3   | Reached skill level 10 in Dodging
 23348 | Lair:3   | Found a staircase to the Swamp.
 23575 | Lair:3   | Reached XP level 14. HP: 48/95 MP: 23/28
 23824 | Lair:3   | Found a transporter.
 23881 | Lair:3   | Found a transporter.
 24159 | Lair:3   | Found a one-way gate to the infinite horrors of the Abyss.
 24159 | Lair:3   | Noticed Grognak's ghost (journeyman TrBe)
 24829 | Lair:4   | Reached skill level 10 in Stealth
 24998 | Lair:4   | Bought an ichor-stained dagger for 154 gold pieces
 24998 | Lair:4   | Identified the +6 dagger of Callousness {venom, rPois
                  | Will++} (You bought it in a shop on level 4 of the Lair of
                  | Beasts)
 25289 | Lair:4   | Reached skill level 10 in Invocations
 26300 | Lair:4   | Identified the +3 ring mail of Girerim {Drain Int+8 Stlth+}
 26314 | Lair:4   | Identified the +8 hand crossbow "Awokusa" {vorpal, rF- rC++
                  | rCorr Int+2}
 26431 | Lair:4   | Identified a scroll of acquirement
 26432 | Lair:4   | Acquired 854 gold pieces
 27023 | Lair:5   | Lost mutation: You tend to lose your temper in combat.
                  | [potion of mutation]
 27023 | Lair:5   | Lost mutation: You are frail. (-10% HP) [potion of
                  | mutation]
 27023 | Lair:5   | Lost mutation: You are clumsy. (Dex -2) [potion of
                  | mutation]
 27023 | Lair:5   | Gained mutation: You possess an exceptional clarity of
                  | mind. [potion of mutation]
 27023 | Lair:5   | Gained mutation: You are agile. (Dex +2) [potion of
                  | mutation]
 27089 | Lair:5   | Found a dark tunnel.
 27105 | Volcano  | Entered a volcano
 27716 | Lair:5   | Noticed Nessos
 27727 | Lair:5   | Killed Nessos
 27728 | Lair:5   | Reached XP level 15. HP: 115/115 MP: 29/29
 27747 | Lair:5   | Found a runed translucent door.
 27824 | Lair:5   | Reached skill level 11 in Spellcasting
 28170 | Lair:5   | Reached skill level 10 in Fire Magic
 28659 | Lair:5   | Found a staircase to the Slime Pits.
 28674 | Lair:5   | Killed from afar by an oklob plant

Illustrated notes

Levels and vault maps discovered:
D:1:      dpeg_arrival_snail, layout_basic, serial_shops,
          nicolae_shop_overgrown_old_shop, dk_noncrumbling_3
D:2:      minmay_inner_zag, layout_basic, minmay_fractal_squares_gapless_5
D:3:      layout_basic, serial_shops, shop,
          shapermc_ecumenical_altar_hornbeckon, minmay_crystal_room
D:4:      layout_cave_pools, kennysheep_mini, minmay_shop_damaged
D:5:      nicolae_cairo_tiling_very_big, layout_basic,
          nicolae_overflow_hidden_temple, hangedman_abyss_or_decor_passed
D:6:      layout_basic, mainiacjoe_overflow_surrounded_room,
          chequers_hall_statues_y, uniq_menkaure, uniq_eustachio
D:7:      layout_loops_cross, temple_doors_e, enter_ossuary_5,
          nzn_ghost_randoct, uniq_pikel, uniq_prince_ribbit1, uniq_maggie
D:8:      layout_basic, kennysheep_path_1, kennysheep_just_a_vault
D:9:      layout_stronghold, uniq_psyche
D:10:     layout_stronghold, erik_lair_island, nicolae_trove_entry_path_of_doom
D:11:     hangedman_screamer, layout_long_grid, david_orc_5,
          gauntlet_entry_generic, gammafunk_ghost_necromancy
Temple:   mainiacjoe_temple_coin_purse
Lair:1:   layout_hall_layers, lemuel_fruit_tree
Lair:2:   layout_cave_pods, spider_nest_entry_rubble
Lair:3:   layout_cave_pods, swamp_mist, gammafunk_ghost_abyssal_escape,
          serial_bayou_shore_b, serial_bayou_shore_a
Lair:4:   nzn_winding_woodlands_large [nzn_winding_woodlands_5x5_open_star,
          nzn_winding_woodlands_5x15_eye, nzn_winding_woodlands_5x5_closed_star,
          nzn_winding_woodlands_center_lodge,
          nzn_winding_woodlands_15x15_five_gardens,
          nzn_winding_woodlands_center_garden,
          nzn_winding_woodlands_5x5_default, nzn_winding_woodlands_5x15_jagged,
          nzn_winding_woodlands_5x5_cross], layout_regular_city,
          infiniplex_staircase_pool_2
Lair:5:   layout_loops_ring, minmay_slime_entry_oklob_open,
          gammafunk_ghost_grave, nicolae_volcano_entry_vermiform,
          chequers_serial_rivers_small_b, uniq_nessos
Orc:1:    layout_caves, kennysheep_orc_chapel
Orc:2:    st_orc_rangers, layout_diamond_mine, portal_ice_cave_entry_imps,
          mines_bat_river

Skill      XL: |  1  2  3  4  5  6  7  8  9 10 11 12 13 14 15 |
---------------+----------------------------------------------+-----
Conjurations   | 2 3 4 5 6 7 8 |  8.6
Spellcasting   | 5 6 7 8 9 10 11 | 11.1
Invocations    | 1 2 3 4 5 6 7 8 9 10 | 10.7
Fighting       | 1 2 3 4 5 6 7 8 9 |  9.9
Short Blades   | 1 2 3 4 5 6 7 8 9 |  9.9
Long Blades    | 1 2 3 4 5 6 7 8 9 |  9.9
Axes           | 1 2 3 4 5 6 7 8 9 |  9.9
Maces & Flails | 1 2 3 4 5 6 7 8 9 |  9.9
Polearms       | 1 2 3 4 5 6 7 8 9 |  9.9
Staves         | 1 2 3 4 5 6 7 8 9 |  9.9
Slings         | 1 2 3 4 5 6 7 8 9 |  9.9
Bows           | 1 2 3 4 5 6 7 8 9 |  9.9
Crossbows      | 1 2 3 4 5 6 7 8 9 |  9.9
Throwing       | 1 2 3 4 5 6 7 8 9 |  9.9
Armour         | 1 2 3 4 5 6 7 8 9 |  9.9
Shields        | 1 2 3 4 5 6 7 8 9 |  9.9
Unarmed Combat | 1 2 3 4 5 6 7 8 9 |  9.9
Evocations     | 1 2 3 4 5 6 7 8 9 |  9.9
Hexes          | 1 2 3 4 5 6 7 8 |  8.2
Summonings     | 1 2 3 4 5 6 7 8 |  8.2
Necromancy     | 1 2 3 4 5 6 7 8 |  8.2
Translocations | 1 2 3 4 5 6 7 8 |  8.2
Transmutations | 1 2 3 4 5 6 7 8 |  8.2
Ice Magic      | 1 2 3 4 5 6 7 8 |  8.2
Air Magic      | 1 2 3 4 5 6 7 8 |  8.2
Earth Magic    | 1 2 3 4 5 6 7 8 |  8.2
Poison Magic   | 1 2 3 4 5 6 7 8 |  8.2
Dodging        | 5 6 7 8 9 10 | 10.9
Stealth        | 5 6 7 8 9 10 | 10.7
Fire Magic     | 6 7 8 9 10 | 10.0

Action                   |  1- 3 |  4- 6 |  7- 9 | 10-12 | 13-15 || total
-------------------------+-------+-------+-------+-------+-------++-------
Melee: Unarmed           |     9 |       |       |       |     8 ||    17
       Dagger            |    18 |       |       |       |       ||    18
       Bite              |     3 |     8 |     8 |    65 |   165 ||   249
       Short sword       |    24 |   139 |    88 |     2 |       ||   253
       Punch             |       |     1 |     1 |     9 |     1 ||    12
       Demon whip        |       |       |       |   334 |   909 ||  1243
       Staff             |       |       |       |    43 |       ||    43
 Cast: Foxfire           |    28 |     4 |    14 |   143 |    73 ||   262
       Scorch            |       |    21 |   107 |   181 |   122 ||   431
       Flame Wave        |       |       |       |    35 |    44 ||    79
       Cause Fear        |       |       |       |     1 |     9 ||    10
       Conjure Flame     |       |       |       |       |     3 ||     3
       Blade Hands       |       |       |       |       |     1 ||     1
Invok: Call Merchant     |       |       |       |     1 |     1 ||     2
Evoke: Wand              |       |     1 |       |     4 |     2 ||     7
       Phantom mirror    |       |       |       |     1 |     2 ||     3
  Use: Scroll            |       |       |       |    21 |    10 ||    31
       Potion            |       |       |       |     7 |     1 ||     8
 Stab: Sleeping          |     2 |    13 |     3 |     3 |    15 ||    36
       Distracted        |       |       |       |     3 |     9 ||    12
       Invisible         |       |       |       |     4 |       ||     4
       Paralysed         |       |       |       |       |    10 ||    10
Armor: Robe              |    17 |    38 |    30 |     2 |       ||    87
       Steam dragon scal |       |       |       |   184 |   189 ||   373
       Ring mail         |       |       |       |       |    75 ||    75
Dodge: Dodged            |    76 |   125 |   127 |   377 |   511 ||  1216
Block: Other             |       |       |       |    25 |       ||    25
       Buckler           |       |       |       |   189 |   529 ||   718
       Reflection        |       |       |       |     5 |     3 ||     8

Table legend: (Time is in decaauts)
 A = Elapsed time spent in this place.
 B = Non-inter-level travel time spent in this place.
 C = Inter-level travel time spent in this place.
 D = Time resting spent in this place.
 E = Time spent auto-exploring this place.
 F = Levels seen in this place.
 G = Mean time per level.
                   A        B        C        D        E       F      G
               +--------+--------+--------+--------+--------+-----+--------+
         Total |  28411 |  27285 |   1126 |   4172 |  16632 |  21 | 1352.9 |
       Dungeon |  18413 |  17561 |    852 |   2451 |  11417 |  11 | 1673.9 |
        Temple |    166 |    155 |     11 |      0 |    142 |   1 |  166.0 |
          Lair |   7040 |   6787 |    253 |    892 |   4475 |   5 | 1408.0 |
  Orcish Mines |   1260 |   1250 |     10 |    196 |    392 |   2 |  630.0 |
       Volcano |    433 |    433 |      0 |     35 |     55 |   1 |  433.0 |
      Gauntlet |   1095 |   1095 |      0 |    598 |    150 |   1 | 1095.0 |
               +--------+--------+--------+--------+--------+-----+--------+

Top non-repeatable levels by time:
    D:11: 3856 daAuts
     D:6: 2328 daAuts
  Lair:4: 2166 daAuts
     D:9: 2036 daAuts
    D:10: 2017 daAuts
     D:8: 1614 daAuts
  Lair:3: 1500 daAuts
     D:2: 1320 daAuts
     D:5: 1260 daAuts
     D:7: 1248 daAuts
   Orc:1: 1237 daAuts
  Lair:2: 1215 daAuts
  Lair:5: 1150 daAuts
Gauntlet: 1095 daAuts
     D:1: 1069 daAuts
